 Dungeon Crawl Stone Soup version 0.29.1-2-gbd0b4ee654 (webtiles) character file.

Game seed: 18379872697543048091

2746 DildoBatman the Magician (level 10, -7/70 HPs)
             Began as a Formicid Conjurer on Nov 3, 2022.
             Was a Believer of Kikubaaqudgha.
             Engulfed by a cloud of flame (18 damage)
             ... on level 7 of the Dungeon.
             The game lasted 00:20:42 (5635 turns).

DildoBatman the Magician (Formicid Conjurer)        Turns: 5635, Time: 00:20:42

Health: -7/70      AC:  5    Str: 14    XL:     10   Next: 0%
Magic:  19/19      EV: 12    Int: 19    God:    Kikubaaqudgha [**....]
Gold:   490        SH:  0    Dex: 16    Spells: 9/21 levels left

rFire   . . .      SeeInvis +   a - +6 great mace of the Pyrrhic Victory {protect, rElec rPois Str+3 SInv}
rCold   . . .      Faith    .   (no shield)
rNeg    . . .      Spirit   .   m - +0 robe
rPois   +          Reflect  .   (helmet unavailable)
rElec   +          Harm     .   B - +1 cloak
rCorr   .          Rampage  .   (no gloves)
Will    ++...                   n - +0 pair of boots
Stlth   ++........              (no amulet)
HPRegen 0.21/turn               o - ring of wizardry
MPRegen 0.16/turn               C - ring of willpower

@: no status effects
A: permanent stasis, dig shafts and tunnels, antennae 3, four strong arms,
hooves 1, wild magic 1, MP-powered wands
a: Dig, Shaft Self, Renounce Religion, Unearth Wretches


You were on level 7 of the Dungeon.
You worshipped Kikubaaqudgha.
Kikubaaqudgha was pleased with you.
You visited 2 branches of the dungeon, and saw 8 of its levels.

You collected 490 gold pieces.

Inventory:

Hand Weapons
 a - the +6 great mace of the Pyrrhic Victory (weapon) {protect, rElec rPois Str+3 SInv}
   (You found it on level 5 of the Dungeon)

   It grants its wielder temporary protection when it strikes (+7 to AC).
   Str:       It affects your strength (+3).
   rElec:     It insulates you from electricity.
   rPois:     It protects you from poison.
   SInv:      It lets you see invisible.
 b - a +0 longbow
Missiles
 g - a throwing net
 w - 6 javelins (quivered)
 E - 16 poisoned darts
Armour
 m - a +0 robe (worn)
 n - a +0 pair of boots (worn)
 u - a scarf of resistance
 B - a +1 cloak (worn)
Jewellery
 o - a ring of wizardry (left hand)
 C - a ring of willpower (right hand)
 F - a ring of positive energy
Wands
 e - a wand of flame (22)
 t - a wand of charming (9)
 H - a wand of polymorph (11)
 J - a wand of mindburst (4)
Scrolls
 f - a scroll of torment {unknown}
 j - a scroll of vulnerability {unknown}
 l - 2 scrolls of immolation {unknown}
 p - 2 scrolls of silence
 q - 2 scrolls of butterflies {unknown}
 r - 2 scrolls of amnesia
 s - 2 scrolls of poison
 v - 2 scrolls of fear
 z - 3 scrolls of identify
 D - a scroll of noise {unknown}
 G - a scroll of magic mapping {unknown}
Potions
 c - a potion of berserk rage {unknown}
 d - a potion of flight {unknown}
 h - a potion of resistance {unknown}
 i - 3 potions of curing
 k - 3 potions of heal wounds
 x - a potion of degeneration {unknown}
 y - a potion of magic
 A - a potion of lignification {unknown}
 I - a potion of brilliance {unknown}


   Skills:
 - Level 3.0 Fighting
 - Level 3.0 Armour
 - Level 2.0 Dodging
 - Level 2.4 Stealth
 * Level 6.2 Spellcasting
 - Level 6.0 Conjurations
 * Level 5.3 Ice Magic
 * Level 4.7 Air Magic
 - Level 6.0 Poison Magic


You had 9 spell levels left.
You knew the following spells:

 Your Spells              Type           Power      Damage    Failure   Level
a - Searing Ray           Conj           74%        2d7       1%          2
b - Frozen Ramparts       Ice            68%        1d11      2%          3
c - Magic Dart            Conj           100%       1d8       1%          1
d - Vampiric Draining     Necr           7%         2d6       17%         3
e - Mephitic Cloud        Conj/Pois/Air  35%        N/A       2%          3

Your spell library contained the following spells:

 Spells                   Type           Power      Damage    Failure   Level
 Foxfire                  Conj/Fire      88%        2x1d8     2%          1
 Beastly Appendage        Tmut           14%        N/A       6%          1
 Necrotise                Necr           28%        1d5       6%          1
 Sandblast                Erth           14%        2d6       6%          1
 Conjure Flame            Conj/Fire      22%        6-21      6%          3
 Dazzling Flash           Conj/Hex       44%        N/A       6%          3
 Call Imp                 Summ           7%         N/A       10%         2
 Sublimation of Blood     Necr           7%         N/A       10%         2
 Inner Flame              Hex/Fire       7%         N/A       17%         3
 Summon Guardian Golem    Hex/Summ       7%         N/A       17%         3
 Flame Wave               Conj/Fire      22%        2d8       17%         4
 Fulminant Prism          Conj/Hex       11%        3d9       17%         4
 Iskenderun's Mystic Bla  Conj/Tloc      22%        2d6       17%         4
 Ice Form                 Ice/Tmut       20%        N/A       21%         4
 Summon Ice Beast         Ice/Summ       20%        N/A       21%         4
 Alistair's Intoxication  Tmut/Pois      14%        N/A       38%         5
 Fireball                 Conj/Fire      11%        3d7       38%         5
 Anguish                  Hex/Necr       3%         N/A       45%         4
 Manifold Assault         Tloc           7%         N/A       78%         5
 Starburst                Conj/Fire      11%        6d5       89%         6
 Orb of Destruction       Conj           18%        9d8       97%         7
 Spellforged Servitor     Conj/Summ      11%        N/A       100%        7
 Storm Form               Tmut/Air       9%         N/A       100%        7
 Ignition                 Fire           3%         3d4       100%        8
 Summon Horrible Things   Summ           3%         N/A       100%        8
 Blink                    Tloc           Unusable   N/A       N/A         2

Dungeon Overview and Level Annotations

Branches:
Dungeon (7/15)             Temple (1/1) D:4

Altars:
Cheibriados
Dithmenos
Elyvilon
Fedhas
Gozag
Hepliaklqana
Kikubaaqudgha
Makhleb
Nemelex Xobeh
Okawaru
Qazlal
Ru
Sif Muna
Trog
Uskayaw
Vehumet
Wu Jian
Xom
Yredelemnul
Zin
The Shining One


Innate Abilities, Weirdness & Mutations

You cannot be hasted, slowed, berserked, paralysed or teleported.
You can dig through walls and to a lower floor.
You have a pair of large antennae on your head. (SInv)
Your four strong arms can wield two-handed weapons with a shield.
You have large cloven feet.
Your spells are a little harder to cast, but a little more powerful.
You expend magic power (3 MP) to strengthen your wands.


Message History

You hit the scorpion.
Your weapon exudes an aura of protection.
The scorpion is severely wounded.
You feel very sick.
The scorpion is engulfed in noxious fumes.
The scorpion appears confused.
The scorpion closely misses you.
The scorpion stings itself.
You hit the scorpion.
You kill the scorpion!
Kikubaaqudgha accepts your kill.
You feel very sick.
You have reached level 10!
You feel sick.
You see here a scorpion corpse.
You feel sick.
You feel sick.
You feel sick.
You feel sick.
You feel sick.
You are no longer poisoned.
Magic restored.
Found 6 stones.
You now have 475 gold pieces (gained 8).
You now have 490 gold pieces (gained 15).
z - 3 scrolls of identify (gained 1)
You see here 6 stones.
There is a stone staircase leading down here.
There is a stone staircase leading down here.
Found a stone staircase leading up.
You see here a scorpion corpse.
You see here 5 boomerangs of dispersal.
Key pressed, stopping explore.
Unknown command.
You are engulfed in blazing flames.
You are engulfed in blazing flames.
You are engulfed in blazing flames.
You are engulfed in blazing flames.
You die...
Kikubaaqudgha rasps: "You have failed me!
Welcome... death!"

#.# #.# #○# #.# ##§##
####### #.#########
###.....# #..°○#8#§§
........# #.# #####
........# #.# #§#
#.####### #.# #§# ..#
##.####@####..#
..########..(..........#
.....†.................#
########..###########...
## ##.## ## .### #..#
...# #.## ##.####.#
##......#


There were no monsters in sight!

Vanquished Creatures
  A steam dragon (D:7)
  Edmund (D:6)
  2 water moccasins (D:6)
  An orc warrior (D:6)
  2 ice beasts (D:7)
  2 black bears
  2 sky beasts (D:7)
  3 centaurs
  A phantom (D:5)
  Blork the orc (D:6)
  A kobold brigand (D:7)
  3 bullfrogs
  7 scorpions
  An orc priest (D:3)
  2 hounds (D:6)
  A jelly (D:6)
  6 iguanas
  6 orc wizards
  3 gnolls (D:4)
  6 adders
  A shadow imp (D:6)
  3 ufetubi (D:6)
  A worm (D:3)
  4 dart slugs
  31 orcs
  8 bats
  8 endoplasms
  4 giant cockroaches
  9 goblins
  4 hobgoblins
  3 jackals (D:1)
  6 quokkas
  6 ball pythons
  2 frilled lizards (D:1)
  12 kobolds
  9 rats
163 creatures vanquished.

Vanquished Creatures (others)
  2 fungi (D:1)
2 creatures vanquished.

Grand Total: 165 creatures vanquished

Notes
Turn   | Place    | Note
-------+----------+-------------------------------------------
     0 | D:1      | DildoBatman the Formicid Conjurer began the quest for the
                  | Orb.
     0 | D:1      | Reached XP level 1. HP: 13/13 MP: 3/3
   181 | D:1      | Reached XP level 2. HP: 19/19 MP: 1/5
   184 | D:1      | Learned a level 2 spell: Searing Ray
   487 | D:1      | Reached XP level 3. HP: 24/24 MP: 2/6
   586 | D:1      | Got the Encyclopedia of Inconstant Summoning
   618 | D:1      | Found a faded altar of an unknown god.
   628 | D:1      | Got Plato's Grimoire of Silt
  1369 | D:2      | Reached XP level 4. HP: 30/30 MP: 3/7
  1632 | D:2      | Learned a level 3 spell: Mephitic Cloud
  1795 | D:3      | Reached skill level 1 in Poison Magic
  1795 | D:3      | Reached XP level 5. HP: 36/36 MP: 2/8
  1901 | D:3      | Reached skill level 5 in Conjurations
  1977 | D:3      | Reached skill level 1 in Fighting
  1998 | D:3      | Reached skill level 1 in Armour
  2399 | D:4      | Found a staircase to the Ecumenical Temple.
  2411 | Temple   | Entered the Ecumenical Temple
  2632 | Temple   | Became a worshipper of Kikubaaqudgha
  2690 | D:4      | Reached skill level 1 in Air Magic
  2690 | D:4      | Reached XP level 6. HP: 41/43 MP: 3/10
  2762 | D:4      | Found a burning altar of Makhleb.
  2919 | D:4      | Found an ornate altar of the Wu Jian Council.
  3272 | D:4      | Gained mutation: You are agile. (Dex +4, Str/Int -1)
                  | [potion of mutation]
  3272 | D:4      | Gained mutation: Your flesh is heat resistant. (rF+)
                  | [potion of mutation]
  3273 | D:4      | Lost mutation: Your flesh is heat resistant. (rF+) [potion
                  | of mutation]
  3273 | D:4      | Lost mutation: You are agile. (Dex +4, Str/Int -1) [potion
                  | of mutation]
  3273 | D:4      | Gained mutation: You expend magic power (3 MP) to
                  | strengthen your wands. [potion of mutation]
  3273 | D:4      | Gained mutation: Your spells are a little harder to cast,
                  | but a little more powerful. [potion of mutation]
  3273 | D:4      | Gained mutation: You have large cloven feet. [potion of
                  | mutation]
  3278 | D:4      | Learned a level 3 spell: Frozen Ramparts
  3303 | D:5      | Entered Level 5 of the Dungeon
  3351 | D:5      | Noticed a black bear
  3424 | D:5      | Killed a black bear
  3424 | D:5      | Reached * piety under Kikubaaqudgha
  3424 | D:5      | Received a gift from Kikubaaqudgha
  3425 | D:5      | Reached XP level 7. HP: 51/51 MP: 4/11
  3429 | D:5      | Learned a level 3 spell: Vampiric Draining
  3535 | D:5      | Reached skill level 1 in Ice Magic
  3643 | D:5      | Identified the +6 great mace of the Pyrrhic Victory
                  | {protect, rElec rPois Str+3 SInv}
  4014 | D:5      | Reached XP level 8. HP: 58/58 MP: 10/13
  4560 | D:6      | Reached skill level 5 in Poison Magic
  4561 | D:6      | Reached XP level 9. HP: 39/63 MP: 3/15
  4689 | D:6      | Noticed Blork the orc
  4705 | D:6      | Noticed Edmund
  4708 | D:6      | Killed Blork the orc
  4712 | D:6      | Reached ** piety under Kikubaaqudgha
  4718 | D:6      | Killed Edmund
  4719 | D:6      | Reached skill level 5 in Spellcasting
  5296 | D:7      | Found a shadowy altar of Dithmenos.
  5346 | D:7      | Reached skill level 5 in Ice Magic
  5463 | D:7      | Reached XP level 10. HP: 39/70 MP: 16/19
  5635 | D:7      | Engulfed by a cloud of flame

Illustrated notes

Levels and vault maps discovered:
D:1:      kennysheep_arrival_forest, layout_rooms,
          shapermc_ecumenical_altar_rom_forum, ebering_dispersal_statue_hall,
          minivault_23
D:2:      layout_loops_ring
D:3:      layout_basic
D:4:      layout_loops_ring, mainiacjoe_overflow_chevrons,
          mainiacjoe_overflow_cross_hatched, minmay_temple_entry_statues_pillars
D:5:      nicolae_cairo_tiling_very_big, layout_gridville
D:6:      hangedman_cross_stitches, layout_cave_pools, uniq_blork_the_orc,
          uniq_edmund
D:7:      layout_rooms, lemuel_tele_altar, lemuel_flamethrower_2
Temple:   eino_narrow_crystal_temple

Skill      XL: |  1  2  3  4  5  6  7  8  9 |
---------------+----------------------------+-----
Conjurations   | 4 5 6 |  6.0
Poison Magic   | 1 2 3 5 6 |  6.0
Dodging        | 2 |  2.0
Fighting       | 1 2 3 |  3.0
Armour         | 1 2 3 |  3.0
Air Magic      | 1 2 3 4 |  4.7
Spellcasting   | 3 4 6 |  6.2
Ice Magic      | 1 3 5 |  5.3
Stealth        | |  2.4

Action                   |  1- 3 |  4- 6 |  7- 9 | 10-12 || total
-------------------------+-------+-------+-------+-------++-------
Melee: Short sword       |    15 |       |       |       ||    15
       Dagger            |    15 |    65 |     2 |       ||    82
       Punch             |       |     1 |     2 |       ||     3
       Great mace        |       |       |   106 |       ||   106
       Kick              |       |       |     5 |       ||     5
 Fire: Longbow           |       |    26 |    16 |       ||    42
 Cast: Magic Dart        |    61 |    33 |    10 |       ||   104
       Searing Ray       |     1 |    11 |    10 |       ||    22
       Mephitic Cloud    |       |     3 |    32 |       ||    35
       Frozen Ramparts   |       |       |     5 |       ||     5
Evoke: Wand              |       |       |     5 |       ||     5
  Use: Scroll            |       |     4 |     4 |       ||     8
       Potion            |       |     2 |       |       ||     2
 Stab: Sleeping          |     3 |     3 |       |       ||     6
       Confused          |       |       |     9 |       ||     9
Armor: Robe              |    17 |    20 |    31 |       ||    68
Dodge: Dodged            |    28 |    34 |    77 |       ||   139
